 Dungeon Crawl Stone Soup version 0.21-a0-509-gecc5317 (webtiles) character file.

63 Hafrunt the Insei (level 3, -1/28 HPs)
             Began as a Draconian Transmuter on Nov 30, 2017.
             Slain by a jackal (3 damage)
             ... on level 2 of the Dungeon.
             The game lasted 00:03:23 (1219 turns).

Hafrunt the Insei (Draconian Transmuter)            Turns: 1219, Time: 00:03:24

Health: -1/28      AC:  5    Str: 12    XL:     3   Next: 87%
Magic:  5/6        EV: 12    Int: 13    God:
Gold:   112        SH:  0    Dex: 12    Spells: 0/6 levels left

rFire    . . .     SeeInvis .     - Unarmed
rCold    . . .     Gourm    .   (no shield)
rNeg     . . .     Faith    .   (armour unavailable)
rPois    .         Spirit   .   (helmet restricted)
rElec    .         Reflect  .   (no cloak)
rCorr    .         Harm     .   d - -1 pair of gloves (curse)
MR       .....                  (no boots)
Stlth    +.........             (no amulet)
HPRegen  0.09/turn              (no ring)
MPRegen  0.10/turn              (no ring)

@: very slightly contaminated
A: unfitting armour, cold-blooded, AC +5
a: no special abilities


You were on level 2 of the Dungeon.
You were hungry.

You visited 1 branch of the dungeon, and saw 2 of its levels.

You collected 112 gold pieces.

Inventory:

Missiles
 a - 52 arrows
Armour
 d - a cursed -1 pair of gloves (worn)
Scrolls
 e - a scroll of teleportation {unknown}
 f - a scroll of enchant weapon {unknown}
 i - a scroll of remove curse {unknown}
 k - a scroll of fear {unknown}
 n - a scroll of enchant armour {unknown}
Books
 b - a book of Changes

   Spells                             Type                      Level
   a - Beastly Appendage              Transmutation                1
   b - Sticks to Snakes               Transmutation                2
   c - Spider Form                    Transmutation/Poison         3
   d - Ice Form                       Ice/Transmutation            4
   e - Blade Hands                    Transmutation                5
Comestibles
 c - 3 bread rations
 g - 3 fruits
 j - a meat ration
 l - 6 chunks of flesh


   Skills:
 - Level 1.1 Fighting
 - Level 1.7 Dodging
 + Level 3.6 Unarmed Combat
 - Level 2.0 Spellcasting
 + Level 3.4 Transmutations
 + Level 1.0 Poison Magic


You couldn't memorise any spells.
You knew the following spells:

 Your Spells              Type           Power        Failure   Level  Hunger
a - Beastly Appendage     Tmut           ##....       6%          1    ##.....
b - Spider Form           Tmut/Pois      #.........   30%         3    ####...
d - Sticks to Snakes      Tmut           ##......     10%         2    ###....


Dungeon Overview and Level Annotations

Branches:
Dungeon (2/15)

Altars:


Innate Abilities, Weirdness & Mutations

Your plain brown scales are hard. (AC +5)
You cannot fit into any form of body armour.
You are cold-blooded and may be slowed by cold attacks.


Message History

You miscast Beastly Appendage.
You are very lightly contaminated with residual magic.
The air around you crackles with energy!
The jackal bites you.
* * * LOW HITPOINT WARNING * * *
You hit the jackal but do no damage.
The jackal bites you but does no damage.
The jackal closely misses you.
A jackal comes into view.
You closely miss the jackal. The jackal barely misses you.
You hit the jackal.
The jackal is heavily wounded.
The jackal closely misses you.
You hit the jackal. You punch the jackal.
You kill the jackal!
You miss the jackal. The jackal barely misses you.
You hit the jackal.
The jackal is heavily wounded.
The jackal completely misses you. The jackal bites you.
You die...

#.## ..# #.## #.# #.##
#.# #######.## #<#
........## #.#
#####..... #.# ##÷#†#
#h# #.#.# #@#####
#####.#(#
#)†...####.......(
##........#.###.#.#
........#.##.#(###.#.#
#####..#...)......(..#
#.....##..........
##########.##.####
#.##.# #.# #


You could see a jackal.

Vanquished Creatures
  Robin (D:2)
  An adder (D:2)
  A dart slug (D:1)
  2 leopard geckos (D:1)
  5 bats
  2 giant cockroaches (D:1)
  5 hobgoblins
  A jackal (D:2)
  A quokka (D:2)
  2 frilled lizards (D:1)
  7 goblins
  5 kobolds
  6 rats (D:1)
39 creatures vanquished.

Notes
Turn   | Place    | Note
-------+----------+-------------------------------------------
     0 | D:1      | Hafrunt the Draconian Transmuter began the quest for the Orb.
     0 | D:1      | Reached XP level 1. HP: 16/16 MP: 3/3
   310 | D:1      | Reached XP level 2. HP: 16/23 MP: 3/5
   314 | D:1      | Learned a level 2 spell: Sticks to Snakes
  1066 | D:2      | Reached XP level 3. HP: 27/28 MP: 3/6
  1090 | D:2      | Learned a level 3 spell: Spider Form
  1179 | D:2      | Noticed Robin
  1197 | D:2      | Killed Robin
  1209 | D:2      | Reached skill level 1 in Poison Magic
  1219 | D:2      | Slain by a jackal

Vault maps used:
D:1:      co_arrival_square_in_a_square_in_a_square, hangedman_decor_opposing,
          lemuel_flame_loot_1
D:2:      first_bread, uniq_robin, uniq_terence, uniq_crazy_yiuf_cottage

Skill      XL: |  1  2  3 |
---------------+----------+-----
Transmutations | 3 |  3.4
Poison Magic   | 1 |  1.0
Fighting       | |  1.1
Dodging        | |  1.7
Unarmed Combat | |  3.6
Spellcasting   | |  2.0

Action                   || total
-------------------------++-------
Melee: Unarmed           ||   130
       Tailslap          ||     9
       Kick              ||     5
       Headbutt          ||    10
       Punch             ||     2
 Cast: Beastly Appendage ||    23
  Use: Potion            ||     2
  Eat: Chunk             ||     1
Armor: Skin              ||    29
Dodge: Dodged            ||    99

Table legend:
 A = Spawn XP
 B = Non-spawn XP
 C = Spawn XP percentage of total XP
 D = Spawn monster count
 E = Non-spawn monster count
 F = Spawn count percentage of total count
 G = Total turns spent on level
                    A         B        C        D         E        F      G
               +---------+---------+-------+---------+---------+-------+---------
         Total |       0 |      90 |   0.0 |       0 |      39 |   0.0 |  1219
               +---------+---------+-------+---------+---------+-------+---------
           D:1 |       0 |      32 |   0.0 |       0 |      20 |   0.0 |  1021
           D:2 |       0 |      58 |   0.0 |       0 |      19 |   0.0 |   198
               +---------+---------+-------+---------+---------+-------+---------
